Description

Zealot 8 gate all in as shown by Indy in the video, but with Immortal instead of a clear Zealot rush

VOD

https://www.youtube.com/watch?v=hI6e2mwT87I

Replay - Zealot w/ immortal rush

Build Order

Get SALT Encoding   

  12  0:00  Probe (Chrono Boost)  
  13  0:11  Probe (Chrono Boost)  
  14  0:22  Pylon, Probe (Chrono Boost)  
  15  0:41  Probe (Chrono Boost), Gateway  
  16  0:47  Assimilator  
  16  0:51  Probe (Chrono Boost)  
  17  1:02  Probe (Chrono Boost)  
  18  1:12  Probe (Chrono Boost)  
  19  1:26  Probe (Chrono Boost)  
  19  1:28  Nexus  
  20  1:37  Cybernetics Core  
  20  1:38  Probe (Chrono Boost)  
  21  1:46  Assimilator  
  21  1:49  Probe (Chrono Boost)  
  22  1:55  Pylon  
  23  2:15  Warp Gate  
  26  2:22  Stalker (Chrono Boost)  
  27  2:33  Robotics Facility  
  31  2:53  Adept (Chrono Boost)  
  33  3:00  Twilight Council  
  35  3:12  Gateway  
  37  3:22  Immortal (Chrono Boost)  
  41  3:36  Charge (Chrono Boost)  
  41  3:37  Gateway  
  41  3:43  Gateway  
  41  3:54  Warp Prism  
  41  3:55  Gateway x2  
  43  4:04  Gateway  
  43  4:11  Pylon x2  
  43  4:18  Pylon  
  43  4:25  Zealot  
  45  4:38  Zealot x3  
  51  5:02  Zealot x6  
Spawning Tool Build Advisor. Get it on Overwolf

Go to:

Details

  • Created by: Kaszanas   
  • Published on: Sep 18, 2017
  • Modified on: Sep 18, 2017
  • Patch: 3.8.0
Show
View Real Time Build Order
Export as new Build Order

Comments (0)

There are no comments. Be the first!

Create an account to comment!